AoeStats
← [CL] Al3jandr0.magn00

Golden Pit

508043226Analyzed
1v1 RM · 11d ago on Sep 20, 2026· 27m 19s· 2 players
Game mode
Random Map
Map size
Tiny (2 player)
Population
200
Speed
Normal
Resources
Standard
Victory
Conquest
Starting age
Dark Age
Ending age
Imperial Age
RankedLock teamsTeams togetherTeam positionsShared explorationLock speedFull tech treeHidden civsTurbo modeCheats
Victory
Defeat
🇦🇷 Inca · Argentina
1875
+15
🇮🇹 Koreans · Italy
1863
-15
[LWS] wyvern
11:17 Feudal Age
10:03 Loom
15:40 Castle Age
15:03 Double-Bit Axe
15:42 Fletching
17:13 Bodkin Arrow
19:35 Scale Barding Armor
22:18 Bow Saw
22:29 Horse Collar
25:55 Wheelbarrow
[CL] Al3jandr0.magn00
8:42 Loom
11:20 Feudal Age
12:08 Town Watch
14:55 Castle Age
13:07 Double-Bit Axe
13:59 Horse Collar
22:39 Sanctity
25:27 Wheelbarrow
30:03 Imperial Age
27:48 Hand Cart
Connection lost

Rejoining the realm…

Still unreachable

The connection could not be restored.

Session expired

The server has moved on; the page needs a fresh start.